 Dungeon Crawl Stone Soup version 0.30-a0-772-g5528072125 (webtiles) character file.

Game seed: 3400794066756871848

31 Newt the Shooter (level 3, -2/21 (24) HPs)
             Began as a Kobold Hunter on Feb 12, 2023.
             Slain by a hobgoblin (4 damage)
             ... on level 2 of the Dungeon.
             The game lasted 00:01:05 (865 turns).

Newt the Shooter (Kobold Hunter)                     Turns: 865, Time: 00:01:06

HP:   -2/21 (24)    AC:  3    Str:  8    XL:     3   Next: 40%
MP:   3/3           EV: 14    Int: 10    God:
Gold: 37            SH:  0    Dex: 20    Spells: 2/2 levels left

rFire   . . .      SeeInvis .    a - +0 shortbow
rCold   . . .      Faith    .    (shield currently unavailable)
rNeg    . . .      Spirit   .    c - +0 leather armour
rPois   .          Reflect  .    (no helmet)
rElec   .          Harm     .    (no cloak)
rCorr   .          Rampage  .    (no gloves)
Will    .....                    (no boots)
Stlth   +++                      (no amulet)
HPRegen 0.23/turn                (no ring)
MPRegen 0.08/turn                (no ring)

@: heavily drained
A: small, no large weapons, nightstalker 3
a: no special abilities


You were on level 2 of the Dungeon.
You visited 1 branch of the dungeon, and saw 2 of its levels.

You collected 37 gold pieces.

Inventory:

Hand Weapons
 a - a +0 shortbow (weapon)
Missiles
 f - 6 boomerangs of dispersal
Armour
 c - a +0 leather armour (worn)
Jewellery
 k - a ring of fire
Scrolls
 b - a scroll of immolation
Potions
 d - a potion of ambrosia
 i - a potion of berserk rage {unknown}
 j - a potion of lignification {unknown}
 l - a potion of brilliance {unknown}
 n - a potion of attraction {unknown}


   Skills:
 * Level 4.0 Fighting
 - Level 5.3 Ranged Weapons
 - Level 2.4 Dodging
 - Level 1.3 Stealth


You had 2 spell levels left.
You didn't know any spells.
Your spell library was empty.

Dungeon Overview and Level Annotations

Branches:
Dungeon (2/15)

Altars:


Innate Abilities, Weirdness & Mutations

You are small and have problems with some larger weapons.
You are completely attuned to the shadows.


Message History

You are too injured to fight recklessly!
You are too injured to fight recklessly!
You are too injured to fight recklessly!
You are too injured to fight recklessly!
You are too injured to fight recklessly!
You are too injured to fight recklessly!
You are too injured to fight recklessly!
You are too injured to fight recklessly!
You are too injured to fight recklessly!
You are too injured to fight recklessly!
You are too injured to fight recklessly!
You are too injured to fight recklessly!
You are too injured to fight recklessly!
You are too injured to fight recklessly!
You are too injured to fight recklessly!
You are too injured to fight recklessly!
You are too injured to fight recklessly!
You are too injured to fight recklessly!
Unknown command.
The hobgoblin attacks as you move away! The hobgoblin barely misses you.
The goblin closely misses you. The orc hits you with a +0 short sword.
* * * LOW HITPOINT WARNING * * *
You see here a large rock.
The goblin closely misses you.
Things that are here:
7 stones; 19 gold pieces You are too injured to fight recklessly!
You shoot an arrow. The arrow closely misses the goblin.
The arrow hits the orc.
The orc is lightly wounded.
You shoot an arrow. The arrow hits the goblin.
You kill the goblin!
The hobgoblin completely misses you.
Your Fighting skill increases to level 4!
The hobgoblin attacks as you move away! The hobgoblin hits you.
* * * LOW HITPOINT WARNING * * *
You shoot an arrow. The arrow hits the hobgoblin.
The hobgoblin is severely wounded.
The hobgoblin closely misses you. The hobgoblin hits you.
You die...

********,****,*****,,,
*,,,,,,,,** *,,,*,,,*,
*,****,*,,*****,*,***,
*,,..,,,,,,,,,,,,,***,
*,,#.#*********,,,,,,*
*,,#..###,#.,**,,,,,,*
*,,*#...##.#*,*,,,,,,*
*,,,##go8.#,**,,,,,,,*
**,,#@#.).#.***,,,,,,,
*,,###o#...,,*,,,,,,*
*,,,##o)#.#,**,,,,,,*
*,,*#.$...#***,,,,,**
*,*#....8## *,,**,**
*,*###.###****,,**,**
*,,,,...,,,,,,,,,,,,,
***
*****#..,,,*,**,**,**
,,* *******
****,,*,**,**,**


You could see an orc and a hobgoblin.

Vanquished Creatures
  A worm (D:2)
  A dart slug (D:1)
  An orc (D:2)
  A ball python (D:1)
  5 bats (D:1)
  2 endoplasms (D:1)
  4 goblins
  A hobgoblin (D:2)
  A kobold (D:1)
  2 frilled lizards (D:1)
  5 rats
24 creatures vanquished.

Notes
Turn   | Place    | Note
-------+----------+-------------------------------------------
     0 | D:1      | Newt the Kobold Hunter began the quest for the Orb.
     0 | D:1      | Reached XP level 1. HP: 12/12 MP: 1/1
    52 | D:1      | Reached XP level 2. HP: 18/18 MP: 2/2
   584 | D:1      | Reached XP level 3. HP: 23/23 MP: 3/3
   865 | D:2      | Slain by a hobgoblin

Illustrated notes

Levels and vault maps discovered:
D:1:      amcnicky_arrival_feature_with_door, layout_loops_ring
D:2:      minmay_skewed_foursquare, layout_loops_cross, guppyfry_early_orc_mine

Skill      XL: |  1  2  3 |
---------------+----------+-----
Fighting       | 3 4 |  4.0
Ranged Weapons | |  5.3
Dodging        | |  2.4
Stealth        | |  1.3

Action                     || total
---------------------------++-------
   Fire: Shortbow          ||    44
    Use: Scroll            ||     5
 Armour: Leather armour    ||     2
  Dodge: Dodged            ||    25

Table legend: (Time is in decaauts)
 A = Elapsed time spent in this place.
 B = Non-inter-level travel time spent in this place.
 C = Inter-level travel time spent in this place.
 D = Time resting spent in this place.
 E = Time spent auto-exploring this place.
 F = Levels seen in this place.
 G = Mean time per level.
                   A        B        C        D        E       F      G
               +--------+--------+--------+--------+--------+-----+--------+
         Total |    877 |    836 |     41 |      0 |    725 |   2 |  438.5 |
       Dungeon |    877 |    836 |     41 |      0 |    725 |   2 |  438.5 |
               +--------+--------+--------+--------+--------+-----+--------+

Top non-repeatable levels by time:
     D:1: 822 daAuts
     D:2: 54 daAuts
